 Dungeon Crawl Stone Soup version 0.14-a0-30-gf0b6e91 (webtiles) character file.

15348 Sachiko the Grappler (level 11, 0/104 HPs)
             Began as a Troll Monk on Sept 27, 2013.
             Succumbed to a black mamba's poison
             ... on Level 6 of the Lair of Beasts.
             The game lasted 00:56:21 (10315 turns).

Sachiko the Grappler (Troll Monk)                  Turns: 10315, Time: 00:56:21

HP   0/104       AC 10     Str 22      XL: 11   Next: 92%
MP   3/3         EV 15     Int  8      God:
Gold 609         SH  0     Dex 14      Spells:  1 memorised,  8 levels left

Res.Fire  : . . .   See Invis. : .     - Unarmed
Res.Cold  : . . .   Warding    : .   F - +2 elf robe {MR+}
Life Prot.: . . .   Conserve   : .   (shield restricted)
Res.Poison: .       Res.Corr.  : .   (helmet restricted)
Res.Elec. : .       Clarity    : .   x - +0 cloak of Autumn {Str+1 Dex+1}
Sust.Abil.: . .     Spirit.Shd : .   (gloves unavailable)
Res.Mut.  : .       Stasis     : .   (boots unavailable)
Res.Rott. : .       Flight     : .   p - amulet of rage
Gourmand  : +                        c - ring of sustenance
                                     K - +2 ring of protection

@: exhausted, very poisoned, slowed, very slow, quite resistant to hostile
enchantments, fairly stealthy
A: unfitting armour, claws 3, fast metabolism 3, gourmand, regeneration 2,
saprovore 2, tough skin 2, AC +1
a: Evoke Berserk Rage


You were on level 6 of the Lair of Beasts.
You were very full.

You visited 2 branches of the dungeon, and saw 17 of its levels.

You collected 926 gold pieces.
You spent 317 gold pieces at shops.

Inventory:

Missiles
 y - 7 curare-tipped needles
Armour
 x - the +0 cloak of Autumn (worn) {Str+1 Dex+1}
   (You found it on level 7 of the Dungeon)

   It affects your strength (+1).
   It affects your dexterity (+1).
 F - a +2 elven robe of magic resistance (worn)
Magical devices
 o - a wand of slowing (15)
 t - a wand of frost (14)
 u - a wand of digging (15)
 z - a wand of frost (16)
 G - a wand of flame (11)
 N - a wand of fire (9)
Comestibles
 a - 2 rotting chunks of yak flesh
 b - 9 meat rations
 d - 3 apples
 f - 3 chokos
 h - an orange
 i - 2 honeycombs
 n - 4 pears
 q - 12 bread rations
 s - 3 chunks of yak flesh
 B - 3 chunks of yak flesh
Scrolls
 k - 4 scrolls of fog
 m - 7 scrolls of remove curse
 v - a scroll of recharging {unknown}
 E - a scroll of enchant weapon II
 L - a scroll of vulnerability {unknown}
 M - a scroll of amnesia {unknown}
Jewellery
 c - a ring of sustenance (right claw)
 e - an uncursed ring of positive energy
 j - an uncursed ring of sustain abilities
 p - an amulet of rage (around neck)
 w - an uncursed amulet of clarity
 A - an uncursed ring of fire
 K - a +2 ring of protection (left claw)
Potions
 g - 2 potions of agility
 l - a potion of might
Books
 D - a book of Minor Magic

   Spells                             Type                      Level
   Magic Dart                         Conjuration                  1
   *Blink                             Translocation                2
   Call Imp                           Summoning                    2
   Repel Missiles                     Charms/Air                   2
   Slow                               Hexes                        2
   Conjure Flame                      Conjuration/Fire             3
   Mephitic Cloud                     Conjuration/Poison/Air       3


   Skills:
 + Level 6.6 Fighting
 + Level 9.5 Dodging
 - Level 1.1 Stealth
 * Level 14.3 Unarmed Combat


You had 8 spell levels left.
You knew the following spells:

 Your Spells              Type           Power        Failure   Level  Hunger
a - Blink                 Tloc           N/A          69%         2    ###....


Dungeon Overview and Level Annotations

Branches:
Dungeon (10/27)            Temple (0/1) D:5             Orc (0/4) D:9
   Lair (7/8) D:10
  Swamp: Lair:3-6    Shoals: Lair:3-6     Snake: Lair:3-6    Spider: Lair:3-6
  Slime: Lair:6-8

Altars:
Fedhas
Makhleb
Sif Muna
Xom

Shops:
D:5 //++   D:6 *   D:8 !


Innate Abilities, Weirdness & Mutations

You are too large for most types of armour.
You have claws for hands.
Your metabolism is lightning-fast.
You like to eat raw meat.
You heal very quickly.
You can eat rotten meat.
You are covered in fur (AC +1).
You have very tough skin (AC +2).


Message History

You feel sick.
You are too berserk!
* * * LOW HITPOINT WARNING * * *
You feel sick.
You feel a strong urge to attack something.
* * * LOW HITPOINT WARNING * * *
You feel very sick.
* * * LOW HITPOINT WARNING * * *
You feel sick.
You feel your anger subside.
You are no longer berserk.
You are exhausted.
You feel yourself slow down.
* * * LOW HITPOINT WARNING * * *
You feel very sick.
* * * LOW HITPOINT WARNING * * *
You feel sick.
* * * LOW HITPOINT WARNING * * *
You feel sick.
You die...

#...##.......................###.
..<..###........#...........## ##
###.#.##.......#.......P.#...# #
#####.#...........#.##.#.### ###
##..#...###...#......# ##.###
##....f#....f...#.#.#
...#f####....<..P..........#
.....##....................#
................@..........######
....#.#........##.>.P......##.#..
.....####.....###%%........#.....
....#####......#............#....
...P.f.#ff...##.............#P...
...PP............................
...P......##.P.PP.....f.....#P.##
..P.P.......................#####
...P.#.f.f.....#.............###.


There were no monsters in sight!

Vanquished Creatures
  Erica (Lair:1)
  Nergalle (Lair:1)
  The ghost of inmateoo the Chopper, an experienced DsFi of Ashenzari (D:8)
  A hill giant (D:10)
  The ghost of 5ubbak the Sneak, an experienced OpEn (D:7)
  The ghost of Sachiko the Ruffian, an experienced TrMo (D:5)
  3 black mambas (Lair:6)
  A spiny frog (Lair:3)
  A spriggan (D:8)
  2 komodo dragons (Lair:6)
  Prince Ribbit (D:7)
  4 blink frogs (Lair:1)
  2 basilisks (Lair:5)
  Eustachio (D:4)
  16 yaks
  A hungry ghost (D:10)
  Menkaure (D:5)
  5 porcupines
  2 ice beasts
  An ogre (D:7)
  An orc warrior (D:9)
  A phantom (D:9)
  A warg (D:8)
  5 sky beasts
  2 centaurs
  Duvessa (D:4)
  10 big kobolds
  5 crocodiles
  4 water moccasins
  3 giant slugs
  Blork the orc (D:5)
  4 giant frogs
  5 agate snails
  A human (D:9)
  5 killer bees (D:8)
  An eye of draining (D:10)
  5 wights (D:7)
  2 goliath beetles
  Dowan (D:4)
  8 crimson imps
  6 orc priests
  A two-headed ogre zombie (D:9)
  A giant frog skeleton (D:8)
  5 scorpions
  4 hounds
  4 orc wizards
  7 spectral orcs
  2 worker ants
  An ogre zombie (D:9)
  A hound skeleton (D:5)
  A worker ant zombie (D:8)
  16 adders
  A giant centipede (Lair:5)
  18 green rats
  4 worms
  A goliath beetle zombie (D:7)
  A giant eyeball (D:8)
  2 grey rats (D:4)
  An iguana skeleton (D:5)
  6 giant geckos
  3 oozes
  40 orcs
  3 ball pythons
  11 giant cockroaches
  15 goblins
  10 hobgoblins
  6 quokkas
  9 bats
  A giant gecko skeleton (D:6)
  3 giant newts
  2 hobgoblin skeletons
  7 jackals
  28 kobolds
  17 rats
  A rat skeleton (D:4)
  A plant (Lair:5)
353 creatures vanquished.

Vanquished Creatures (others)
  A centaur (D:8)
  A hound (D:8)
  A worker ant (D:8)
  An orc (D:8)
  A bat (D:8)
  A rat (Lair:1)
  A fungus (Lair:5)
7 creatures vanquished.

Grand Total: 360 creatures vanquished

Notes
Turn   | Place    | Note
--------------------------------------------------------------
     0 | D:1      | Sachiko, the Troll Monk, began the quest for the Orb.
     0 | D:1      | Reached XP level 1. HP: 20/20 MP: 0/0
   238 | D:1      | Reached XP level 2. HP: 28/28 MP: 0/0
   945 | D:2      | Reached XP level 3. HP: 35/35 MP: 1/1
  1447 | D:3      | Reached skill level 5 in Unarmed Combat
  1473 | D:3      | Reached XP level 4. HP: 44/44 MP: 1/1
  1659 | D:3      | HP: 1/44 [orc/orcish mace (5)]
  2103 | D:4      | Noticed Eustachio
  2126 | D:4      | Killed Eustachio
  2126 | D:4      | Reached skill level 6 in Unarmed Combat
  2126 | D:4      | Reached XP level 5. HP: 43/50 MP: 1/1
  2354 | D:4      | Noticed Duvessa
  2355 | D:4      | Noticed Dowan
  2365 | D:4      | Killed Duvessa
  2365 | D:4      | Reached XP level 6. HP: 33/59 MP: 2/2
  2382 | D:4      | HP: 1/59 [Dowan/stone arrow (10)]
  2390 | D:4      | Killed Dowan
  2849 | D:4      | Reached skill level 7 in Unarmed Combat
  2992 | D:5      | Entered Level 5 of the Dungeon
  3019 | D:5      | Found Lemmidar's Magical Wand Shoppe.
  3021 | D:5      | Found a staircase to the Ecumenical Temple.
  3031 | D:5      | Bought a wand of frost (14) for 104 gold pieces
  3165 | D:5      | Found Wang's Book Shoppe.
  3171 | D:5      | Noticed Sachiko's ghost (experienced TrMo)
  3179 | D:5      | Reached XP level 7. HP: 57/66 MP: 2/2
  3330 | D:5      | Killed Sachiko's ghost
  3330 | D:5      | Reached skill level 8 in Unarmed Combat
  3376 | D:5      | Found Wigiorol's Magical Wand Shoppe.
  3384 | D:5      | Bought a wand of slowing (17) for 213 gold pieces
  3461 | D:5      | Found Ynifa's Book Shoppe.
  3605 | D:5      | Noticed Blork the orc
  3618 | D:5      | Killed Blork the orc
  3618 | D:5      | Reached XP level 8. HP: 71/75 MP: 2/2
  3674 | D:5      | Noticed Menkaure
  3685 | D:5      | Killed Menkaure
  3976 | D:6      | Reached skill level 5 in Dodging
  3988 | D:6      | Reached skill level 9 in Unarmed Combat
  4106 | D:6      | Gained mutation: You evolve. [mutagenic meat]
  4394 | D:6      | Found Uciattiw's General Store.
  4572 | D:7      | Noticed 5ubbak's ghost (experienced OpEn)
  4592 | D:7      | Killed 5ubbak's ghost
  4592 | D:7      | Reached skill level 10 in Unarmed Combat
  4592 | D:7      | Reached XP level 9. HP: 72/83 MP: 3/3
  4730 | D:7      | Got a smoking cloak
  4734 | D:7      | Identified the +0 cloak of Autumn {Str+1 Dex+1} (You found it on level 7 of the Dungeon)
  4948 | D:7      | Noticed Prince Ribbit
  4964 | D:7      | Killed Prince Ribbit
  5522 | D:8      | Found Ghaofeps' Distillery.
  5527 | D:8      | Found a deep blue altar of Sif Muna.
  5549 | D:8      | Reached skill level 11 in Unarmed Combat
  5557 | D:8      | Reached skill level 5 in Fighting
  5729 | D:8      | Found a burning altar of Makhleb.
  5730 | D:8      | Found a blossoming altar of Fedhas.
  5797 | D:8      | Found a shimmering altar of Xom.
  5846 | D:8      | Reached XP level 10. HP: 89/93 MP: 3/3
  6213 | D:8      | Paralysed by a giant eyeball for 2 turns
  6301 | D:8      | Noticed inmateoo's ghost (experienced DsFi)
  6309 | D:8      | Killed inmateoo's ghost
  6353 | D:8      | Lost mutation: You evolve. [evolution]
  6498 | D:8      | Reached skill level 12 in Unarmed Combat
  6772 | D:9      | Found a staircase to the Orcish Mines.
  7363 | D:10     | Entered Level 10 of the Dungeon
  7380 | D:10     | Found a staircase to the Lair.
  7551 | D:10     | Learned a level 2 spell: Blink
  7797 | D:10     | Noticed a hill giant
  7855 | D:10     | Killed a hill giant
  8048 | Lair:1   | Entered Level 1 of the Lair of Beasts
  8139 | Lair:1   | Reached XP level 11. HP: 77/102 MP: 3/3
  8141 | Lair:1   | Reached skill level 13 in Unarmed Combat
  8158 | Lair:1   | Noticed Erica
  8294 | Lair:1   | Killed Erica
  8416 | Lair:1   | Noticed Nergalle
  8511 | Lair:1   | Killed Nergalle
  9153 | Lair:6   | Noticed a five-headed hydra
  9570 | Lair:6   | Reached skill level 14 in Unarmed Combat
 10234 | Lair:7   | Noticed a death yak
 10235 | Lair:7   | Noticed a death yak
 10235 | Lair:7   | Noticed a death yak
 10235 | Lair:7   | Noticed a death yak
 10235 | Lair:7   | Noticed a death yak
 10310 | Lair:6   | HP: 6/156 [poisoned by a black mamba]
 10312 | Lair:6   | HP: 2/104 [poisoned by a black mamba]
 10315 | Lair:6   | Succumbed to a black mamba's poison

Action                   |  1- 3 |  4- 6 |  7- 9 | 10-12 || total
-------------------------+-------+-------+-------+-------++-------
Melee: Unarmed           |    88 |   177 |   352 |   547 ||  1164
 Abil: Evoke Berserk Rag |       |     1 |     2 |       ||     3
Evoke: Wand              |       |       |     2 |     7 ||     9
  Use: Scroll            |     6 |     3 |     4 |     9 ||    22
       Potion            |     2 |     4 |     3 |     6 ||    15
 Stab: Sleeping          |     3 |       |     2 |     1 ||     6
